 Dungeon Crawl Stone Soup version 0.30-a0-859-gf88a04b62d (webtiles) character file.

Game seed: 5047090063636778653

175 Dittersdorf the Shield-Bearer (level 5, -13/34 HPs)
             Began as a Gargoyle Fighter on Mar 6, 2023.
             Killed from afar by Jessica (17 damage)
             ... with a bolt of light
             ... on level 3 of the Dungeon.
             The game lasted 00:01:41 (1982 turns).

Dittersdorf the Shield-Bearer (Gargoyle Fighter)    Turns: 1982, Time: 00:01:42

Health: -13/34     AC: 13    Str: 21    XL:     5   Next: 55%
Magic:  5/5        EV:  9    Int:  9    God:
Gold:   128        SH:  0    Dex:  9    Spells: 4/4 levels left

rFire   . . .      SeeInvis .    a - +0 flail
rCold   + + .      Faith    .    c - +0 buckler
rNeg    + . .      Spirit   .    b - +0 scale mail
rPois   ∞          Reflect  .    q - +2 hat of Wygurur {-Tele rC++}
rElec   +          Rampage  .    (no cloak)
rCorr   .          NoTele   +    (no gloves)
Will    .....                    (no boots) Stlth
                                 h - amulet of magic regeneration
HPRegen 0.25/turn                j - +4 ring of slaying
MPRegen 0.49/turn                (no ring)

@: confused
A: sickness immunity, AC +4, negative energy resistance 1, electricity
resistance, torment resistance 1, petrification resistance
a: no special abilities


You were on level 3 of the Dungeon.
You visited 1 branch of the dungeon, and saw 3 of its levels.

You collected 128 gold pieces.

Inventory:

Hand Weapons
 a - a +0 flail (weapon)
Armour
 b - a +0 scale mail (worn)
 c - a +0 buckler (worn)
 q - the +2 hat of Wygurur (worn) {-Tele rC++}
   (You found it on level 2 of the Dungeon)

   rC:        It greatly protects you from cold.
   -Tele:     It prevents most forms of teleportation.
Jewellery
 h - an amulet of magic regeneration (around neck)
 j - a +4 ring of slaying (left hand)
Scrolls
 f - 2 scrolls of identify {unknown}
 g - a scroll of enchant armour {unknown}
 k - 2 scrolls of immolation {unknown}
 l - 2 scrolls of teleportation {unknown}
 n - a scroll of poison {unknown}
 o - a scroll of fog {unknown}
 p - a scroll of blinking {unknown}
Potions
 d - 3 potions of might
 e - a potion of attraction {unknown}
 i - a potion of invisibility {unknown}
 m - a potion of resistance {unknown}


   Skills:
 + Level 4.3 Fighting
 + Level 3.2 Maces & Flails
 + Level 4.3 Armour
 + Level 4.4 Shields


You had 4 spell levels left.
You didn't know any spells.
Your spell library contained the following spells:

 Spells                   Type           Power      Damage    Failure   Level
 Kiss of Death            Conj/Necr      0%         2d5       80%         1
 Confusing Touch          Hex            0%         N/A       99%         3
 Portal Projectile        Hex/Tloc       0%         N/A       99%         3
 Summon Guardian Golem    Hex/Summ       0%         N/A       99%         3
 Tukima's Dance           Hex            0%         N/A       99%         3
 Dispel Undead            Necr           0%         3d6       100%        4
 Blade Hands              Tmut           0%         N/A       100%        5
 Orb of Destruction       Conj           0%         9d5       100%        7
 Spellforged Servitor     Conj/Summ      0%         N/A       100%        7


Dungeon Overview and Level Annotations

Branches:
Dungeon (3/15)

Altars:

Annotations:
D:3 Jessica


Innate Abilities, Weirdness & Mutations

You are immune to sickness and miasma.
Your stone body is resilient. (AC +4)
You are immune to poison.
You resist negative energy. (rN+)
You are resistant to electric shocks. (rElec)
You are resistant to unholy torment.
You are immune to petrification.


Message History

You block Jessica's attack.
You sock the black bear!
The black bear is heavily wounded.
Jessica gestures at you while chanting. Pain shoots through your body!
The black bear closely misses you. The black bear barely misses you.
The black bear claws you but does no damage.
Jessica hits you with a +0 dagger. The black bear bites you.
The black bear claws you but does no damage. x2
You sock the black bear!
The black bear is almost dead.
Jessica hits you but does no damage. The black bear bites you.
The black bear claws you but does no damage.
The black bear barely misses you. Jessica hits you with a +0 dagger.
You sock the black bear!
You kill the black bear!
You block Jessica's attack. Jessica hits you with a +0 dagger.
Your Fighting skill increases to level 4!
Your Maces & Flails skill increases to level 3!
You have reached level 5!
You are too injured to fight recklessly!
You are too injured to fight recklessly!
You are too injured to fight recklessly!
You are too injured to fight recklessly!
You are too injured to fight recklessly!
You are too injured to fight recklessly!
You are too injured to fight recklessly!
You are too injured to fight recklessly!
You are too injured to fight recklessly!
You are too injured to fight recklessly!
You are too injured to fight recklessly!
You are too injured to fight recklessly!
You closely miss Jessica.
Jessica gestures wildly while chanting.
Jessica blinks!
Jessica zaps a wand.
The bolt of light hits you!
* * * LOW HITPOINT WARNING * * *
Jessica zaps a wand.
The bolt of light hits you!
You are confused.
Ouch! That really hurt!
You die...

)........###..
.####.#..>... ...#
.####.#...# #..#
..........# #..#
.........## ..@#
###..#...# .# #..#
#..###.<# #. #..#
##...#...####.##..#
................@<#
#........####.###.#
.....##...........###.#
.......).####......)..#
.....##### #..########
....#########...#
..............#.#
##.##########...#
##.##########.###


You could see Jessica (fast).

Vanquished Creatures
  A black bear (D:3)
  A gnoll (D:1)
  An adder (D:2)
  3 worms
  5 dart slugs
  An orc (D:3)
  4 bats
  3 endoplasms
  2 giant cockroaches
  3 goblins
  2 jackals (D:1)
  2 quokkas (D:1)
  2 ball pythons (D:1)
  5 frilled lizards
  6 kobolds
  4 rats
45 creatures vanquished.

Notes
Turn   | Place    | Note
-------+----------+-------------------------------------------
     0 | D:1      | Dittersdorf the Gargoyle Fighter began the quest for the
                  | Orb.
     0 | D:1      | Reached XP level 1. HP: 14/14 MP: 1/1
    78 | D:1      | Reached XP level 2. HP: 6/19 MP: 2/2
   301 | D:1      | Reached XP level 3. HP: 22/23 MP: 3/3
  1046 | D:2      | Identified the +2 hat of Wygurur {-Tele rC++}
  1107 | D:2      | Reached XP level 4. HP: 29/29 MP: 4/4
  1969 | D:3      | Noticed a black bear
  1970 | D:3      | Noticed Jessica
  1980 | D:3      | Killed a black bear
  1981 | D:3      | Reached XP level 5. HP: 17/34 MP: 5/5
  1982 | D:3      | Killed from afar by Jessica

Illustrated notes

Levels and vault maps discovered:
D:1:      minmay_arrival_glassed_features, layout_basic, reono_crystal_passage,
          st_stairs_12, hangedman_decor_peaks_small,
          chequers_serial_rivers_small_b, minmay_bisected
D:2:      layout_basic
D:3:      layout_loops_ring, st_stairs_7, minmay_checkerbox, uniq_jessica

Skill      XL: |  1  2  3  4 |
---------------+-------------+-----
Shields        | 4 |  4.4
Armour         | 4 |  4.3
Fighting       | 4 |  4.3
Maces & Flails | 3 |  3.2

Action                     |  1- 3 |  4- 6 || total
---------------------------+-------+-------++-------
  Melee: Flail             |   104 |    36 ||   140
 Armour: Scale mail        |    61 |    31 ||    92
  Dodge: Dodged            |    57 |    18 ||    75
  Block: Buckler           |    23 |    12 ||    35

Table legend: (Time is in decaauts)
 A = Elapsed time spent in this place.
 B = Non-inter-level travel time spent in this place.
 C = Inter-level travel time spent in this place.
 D = Time resting spent in this place.
 E = Time spent auto-exploring this place.
 F = Levels seen in this place.
 G = Mean time per level.
                   A        B        C        D        E       F      G
               +--------+--------+--------+--------+--------+-----+--------+
         Total |   2027 |   1864 |    163 |      0 |   1505 |   3 |  675.7 |
       Dungeon |   2027 |   1864 |    163 |      0 |   1505 |   3 |  675.7 |
               +--------+--------+--------+--------+--------+-----+--------+

Top non-repeatable levels by time:
     D:1: 981 daAuts
     D:2: 893 daAuts
     D:3: 152 daAuts
